Map: Odyssey LE

Players

omegabanana - Winner!

  • Race: Protoss Protoss
  • League: Gold
  • Spawn Location: 5:00

Teletubby

  • Race: Terran Terran
  • League: Master
  • Spawn Location: 11:00

VOD

https://go.twitch.tv/videos/186074637

Description

Time

  • Played on: Oct. 28, 2017, 1:30 p.m.
  • Length: 8:10
Show
View Real Time Build Order
Export as new Build Order

omegabanana Protoss - Winner!

Build Orders: 1 Gate Expand, Mass Adepts 

Get SALT Encoding   

  12  0:00  Probe (Chrono Boost)  
  13  0:11  Probe (Chrono Boost)  
  14  0:18  Pylon  
  14  0:22  Probe (Chrono Boost)  
  15  0:36  Probe (Chrono Boost)  
  15  0:37  Gateway  
  15  0:42  Assimilator  
  16  0:47  Probe (Chrono Boost)  
  17  0:57  Probe (Chrono Boost)  
  18  1:08  Probe (Chrono Boost)  
  19  1:19  Nexus  
  19  1:29  Cybernetics Core  
  19  1:31  Probe (Chrono Boost)  
  20  1:36  Assimilator  
  20  1:42  Probe (Chrono Boost)  
  20  1:46  Pylon  
  21  1:52  Probe (Chrono Boost)  
  22  2:02  Probe (Chrono Boost)  
  22  2:07  Warp Gate, Adept (Chrono Boost)  
  25  2:14  Probe  
  26  2:24  Twilight Council  
  26  2:26  Probe  
  27  2:30  Adept (Chrono Boost)  
  27  2:33  Probe (Chrono Boost)  
  30  2:38  Probe (Chrono Boost)  
  31  2:45  Probe (Chrono Boost)  
  31  2:49  Probe (Chrono Boost)  
  33  2:53  Robotics Facility  
  33  2:55  Probe (Chrono Boost)  
  33  2:56  Resonating Glaives  
  34  2:59  Probe (Chrono Boost)  
  35  3:08  Probe (Chrono Boost)  
  35  3:10  Probe (Chrono Boost)  
  37  3:18  Probe (Chrono Boost)  
  38  3:20  Probe (Chrono Boost)  
  38  3:24  Gateway  
  38  3:26  Gateway  
  39  3:29  Gateway  
  39  3:31  Probe (Chrono Boost)  
  39  3:33  Probe (Chrono Boost)  
  41  3:40  Warp Prism (Chrono Boost)  
  43  3:44  Mothership Core  
  45  3:48  Pylon  
  45  3:52  Pylon  
  45  3:53  Probe  
  46  4:03  Assimilator  
  46  4:06  Probe x2  
  48  4:13  Observer (Chrono Boost)  
  49  4:18  Probe  
  49  4:20  Forge  
  49  4:21  Probe  
  49  4:22  Pylon  
  51  4:25  Adept x4  
  60  4:31  Observer (Chrono Boost)  
  60  4:32  Pylon  
  60  4:49  Adept x4  
  60  4:50  Blink  
  68  4:56  Nexus  
  68  5:05  Protoss Ground Armor Level 1 (Chrono Boost)  
  68  5:06  Probe  
  59  5:16  Probe  
  58  5:21  Assimilator  
  58  5:24  Adept x4  
  58  5:27  Probe  
  66  5:28  Probe  
  64  5:39  Probe  
  64  5:42  Probe  
  60  5:46  Sentry x2  
  60  5:47  Adept x2  
  68  5:52  Probe  
  68  5:54  Probe  
  70  5:57  Gateway  
  70  5:59  Observer  
  70  6:00  Gateway  
  70  6:04  Probe  
  72  6:07  Gateway, Probe  
  72  6:08  Gateway  
  73  6:13  Probe  
  73  6:16  Probe  
  75  6:19  Probe  
  75  6:24  Stalker x4  
  84  6:29  Probe  
  85  6:35  Probe  
  85  6:37  Probe  
  85  6:39  Pylon  
  87  6:44  Probe  
  87  6:46  Pylon, Probe  
  88  6:49  Probe  
  90  6:58  Immortal (Chrono Boost)  
  95  7:02  Pylon  
  95  7:03  Pylon  
  95  7:04  Pylon, Stalker x2  
  95  7:05  Stalker  
  95  7:07  Adept  
  102  7:12  Adept  
  102  7:13  Adept  
  102  7:15  Adept  
  108  7:20  Pylon  
  108  7:22  Adept  
  110  7:26  Pylon  
  110  7:31  Adept  
  110  7:32  Adept x3  
  110  7:33  Adept  
  120  7:44  Stalker x2  
  120  7:45  Stalker  
  106  8:04  Adept x5  
Show
View Real Time Build Order
Export as new Build Order

Teletubby Terran 

Build Orders: Command Center First (CC), MMM Bio 

Get SALT Encoding   

  12  0:01  SCV  
  13  0:13  SCV  
  14  0:18  Supply Depot  
  14  0:25  SCV  
  15  0:39  SCV  
  16  0:51  SCV  
  17  1:01  Command Center  
  17  1:04  SCV  
  18  1:15  Barracks  
  18  1:18  SCV  
  19  1:30  Barracks  
  19  1:31  SCV  
  20  1:43  SCV  
  21  1:49  Barracks  
  21  1:56  SCV  
  22  2:06  Marine  
  22  2:08  Orbital Command  
  23  2:15  Orbital Command  
  23  2:18  Marine  
  24  2:24  Marine  
  25  2:34  SCV  
  25  2:36  Marine  
  27  2:39  Refinery, Marine  
  27  2:40  Refinery  
  27  2:41  SCV  
  29  2:44  Marine  
  29  2:46  SCV  
  31  2:51  Supply Depot  
  31  2:53  SCV  
  31  2:57  Marine x2  
  34  2:59  SCV  
  34  3:06  SCV  
  35  3:12  Marine  
  35  3:18  Marine, Barracks Tech Lab  
  37  3:24  SCV  
  37  3:25  SCV  
  39  3:28  Supply Depot  
  39  3:30  Marine  
  40  3:36  SCV, Marine  
  40  3:37  SCV  
  40  3:38  Marine  
  44  3:42  Stimpack  
  44  3:45  Refinery  
  44  3:48  SCV, Marine  
  44  3:50  SCV, Engineering Bay  
  44  3:54  Marine  
  48  3:56  Marine  
  48  4:00  Supply Depot  
  48  4:01  SCV  
  50  4:03  SCV  
  50  4:04  Factory  
  52  4:13  Barracks Reactor, SCV  
  52  4:15  Barracks Tech Lab  
  52  4:16  SCV  
  53  4:19  Refinery  
  53  4:25  SCV  
  53  4:27  Barracks, Marine  
  53  4:28  Barracks, SCV  
  56  4:32  Terran Infantry Weapons Level 1  
  56  4:37  SCV  
  57  4:40  Supply Depot  
  57  4:41  SCV  
  57  4:43  Combat Shields  
  57  4:44  Marine  
  58  4:47  Marine  
  58  4:49  SCV  
  60  4:53  SCV  
  60  4:59  Cyclone  
  62  5:01  SCV  
  62  5:03  Marine x3  
  56  5:10  Marine  
  47  5:15  SCV x2  
  47  5:18  Barracks Reactor, Barracks Tech Lab  
  47  5:21  Marine  
  46  5:22  Marauder  
  47  5:35  Starport  
  42  5:41  SCV  
  38  5:49  Marine  
  41  5:50  Marauder  
  41  5:55  SCV x2  
  41  5:56  Marine x3  
  46  6:07  SCV x2  
  48  6:11  Factory Reactor  
  48  6:13  Marine x3  
  46  6:19  SCV  
  46  6:24  SCV  
  48  6:33  Medivac  
  48  6:34  Marine x4, SCV  
  48  6:36  SCV  
  56  6:46  SCV  
  57  6:49  SCV  
  57  6:52  Widow Mine  
  60  6:55  Widow Mine  
  60  6:58  SCV  
  63  7:07  Supply Depot, Medivac  
  65  7:11  Marine x2  
  65  7:14  Marine  
  68  7:21  Widow Mine  
  70  7:28  Widow Mine  
  72  7:30  Supply Depot  
  72  7:32  Supply Depot  
  72  7:37  Medivac  
  74  7:45  Marine x2, Marauder  
  74  7:47  Marine  
Tags
 
Add a new tag
Caveats
  • Supply blocks, unpowered buildings, or Contaminate may cause inaccurate times.
  • Supply counts are checked every 10 seconds.